AoeStats
← anton.fenix

Black Forest

509158475Analyzed
4v4 RM · 8d ago on Sep 25, 2026· 53m 19s· 8 players
Game mode
Random Map
Map size
Large (8 player)
Population
200
Speed
Normal
Resources
Standard
Victory
Conquest
Starting age
Dark Age
Ending age
Imperial Age
RankedLock teamsTeams togetherTeam positionsShared explorationLock speedFull tech treeHidden civsTurbo modeCheats
Victory
Defeat
🇨🇿 Bohemians · Czechia
745
+19
🇷🇴 Portuguese · Romania
741
+19
🇲🇽 Turks · Mexico
714
+20
🇹🇷 Britons · Türkiye
670
+22
🇷🇺 Shu · Russia
984
-27
🇷🇺 Turks · Russia
750
-18
🇷🇺 Burmese · Russia
745
-18
🇷🇺 Huns · Russia
738
-17
GUSTAVO SOSA JR.
8:58 Loom
13:05 Feudal Age
14:03 Horse Collar
15:30 Double-Bit Axe
21:53 Gold Mining
23:11 Scale Barding Armor
25:26 Castle Age
24:21 Forging
25:04 Bloodlines
27:43 Caravan
28:56 Husbandry
31:31 Coinage
36:55 Chain Barding Armor
37:11 Iron Casting
37:05 Padded Archer Armor
36:56 Fletching
39:08 Ballistics
38:47 Murder Holes
42:29 Imperial Age
43:32 Artillery
44:46 Elite Janissary
47:11 Conscription
Blitzo
4:24 Loom
13:17 Feudal Age
14:10 Horse Collar
14:21 Double-Bit Axe
19:03 Arson
20:00 Forging
19:53 Scale Mail Armor
21:35 Wheelbarrow
27:42 Castle Age
28:28 Castle Age
28:33 Pikeman
29:13 Squires
30:15 Iron Casting
29:57 Chain Mail Armor
32:53 Heavy Plow
33:05 Bow Saw
35:13 Fletching
35:49 Ballistics
35:29 Murder Holes
38:19 Imperial Age
35:34 Town Watch
38:23 Halberdier
40:08 Chemistry
40:13 Blast Furnace
39:44 Plate Mail Armor
40:46 Wagenburg Tactics
44:09 Conscription
45:21 Siege Engineers
45:26 Masonry
45:59 Houfnice
50:23 Elite Hussite Wagon
51:37 Hand Cart
51:20 Bodkin Arrow
51:26 Padded Archer Armor
bba
11:17 Feudal Age
17:26 Castle Age
15:19 Double-Bit Axe
16:33 Horse Collar
19:10 Forging
19:08 Heavy Plow
19:22 Bow Saw
19:35 Crossbowman
21:52 Iron Casting
25:36 Scale Mail Armor
27:45 Chain Mail Armor
27:45 Scale Barding Armor
30:06 Ballistics
34:35 Imperial Age
33:01 Chain Barding Armor
33:35 Padded Archer Armor
33:57 Fletching
35:12 Arbalester
36:55 Blast Furnace
36:37 Wheelbarrow
38:54 Chemistry
37:46 Heated Shot
39:35 Plate Mail Armor
39:40 Plate Barding Armor
42:38 Hand Cart
43:37 Bodkin Arrow
43:59 Leather Archer Armor
49:44 Ring Archer Armor
49:15 Bracer
48:57 Treadmill Crane
49:28 Masonry
50:25 Two-Man Saw
51:28 Town Watch
53:35 Architecture
52:58 Gold Mining
53:03 Stone Mining
Laserotron
0:38 Loom
14:02 Feudal Age
15:18 Wheelbarrow
14:24 Horse Collar
15:26 Stone Mining
15:29 Gold Mining
16:32 Double-Bit Axe
19:08 Stone Mining
24:31 Castle Age
28:29 Hand Cart
31:36 Stone Shaft Mining
34:47 Bow Saw
36:39 Heavy Plow
42:34 Imperial Age
41:27 Scale Barding Armor
42:35 Caravan
43:06 Coinage
43:02 Chain Barding Armor
43:23 Bloodlines
43:13 Husbandry
42:54 Cavalier
45:53 Banking
kapusta
3:57 Loom
11:22 Feudal Age
11:31 Man-at-Arms
12:31 Double-Bit Axe
12:34 Arson
14:05 Horse Collar
14:58 Forging
20:44 Castle Age
22:10 Bow Saw
22:03 Heavy Plow
21:57 Fletching
21:30 Crossbowman
24:12 Long Swordsman
25:35 Gambesons
27:01 Squires
27:16 Bodkin Arrow
28:48 Wheelbarrow
27:58 Pikeman
30:47 Scale Mail Armor
37:54 Town Watch
39:39 Chain Mail Armor
45:19 Imperial Age
42:43 Gold Mining
43:31 Caravan
43:39 Stone Mining
45:37 Gold Shaft Mining
45:37 Coinage
46:08 Arbalester
46:51 Bracer
46:52 Padded Archer Armor
47:29 Ballistics
46:47 Halberdier
47:56 Thumb Ring
49:32 Treadmill Crane
50:13 Guilds
51:26 Conscription
anton.fenix
10:15 Feudal Age
9:02 Loom
11:50 Horse Collar
20:46 Scale Barding Armor
25:01 Castle Age
27:13 Husbandry
27:23 Bloodlines
30:23 Chain Barding Armor
35:08 Imperial Age
33:16 Double-Bit Axe
33:39 Marauders
39:28 Caravan
40:13 Plate Barding Armor
41:11 Wheelbarrow
46:49 Hand Cart
Garbak
11:11 Feudal Age
10:43 Loom
13:21 Wheelbarrow
15:06 Forging
21:51 Castle Age
22:55 Horse Collar
23:43 Bloodlines
23:50 Scale Barding Armor
24:03 Gold Mining
29:31 Manipur Cavalry
30:05 Husbandry
30:56 Hand Cart
30:27 Town Watch
31:37 Scale Mail Armor
31:29 Fletching
31:57 Stone Mining
33:29 Town Patrol
34:38 Gold Shaft Mining
36:15 Squires
36:01 Arson
35:37 Pikeman
36:41 Chain Barding Armor
36:57 Iron Casting
36:38 Chain Mail Armor
36:25 Padded Archer Armor
37:55 Heavy Plow
37:27 Light Cavalry
45:47 Imperial Age
43:23 Bodkin Arrow
46:11 Elite Skirmisher
48:18 Elite Arambai
49:21 Conscription
49:02 Howdah
49:13 Elite Battle Elephant
52:45 Ballistics
53:27 Chemistry
52:24 Murder Holes
53:42 Caravan
Tonny
11:05 Feudal Age
9:57 Loom
11:31 Double-Bit Axe
11:31 Horse Collar
18:53 Fletching
24:33 Scale Barding Armor
25:51 Forging
30:39 Castle Age
34:13 Bow Saw
35:08 Husbandry
37:15 Wheelbarrow
43:21 Bodkin Arrow
46:28 Heavy Plow
50:08 Hand Cart
Connection lost

Rejoining the realm…

Still unreachable

The connection could not be restored.

Session expired

The server has moved on; the page needs a fresh start.